 Dungeon Crawl Stone Soup version 0.19.1-1-g22dce08 (webtiles) character file.

58146 Alarkh the Severer (level 14, -27/113 HPs)
             Began as a Demonspawn Monk on Jan 12, 2017.
             Was a High Priest of Trog.
             Killed from afar by an orc sorcerer (35 damage)
             ... with a bolt of negative energy
             ... while paralysed by an orc sorcerer
             ... on level 2 of the Orcish Mines.
             The game lasted 00:45:40 (22423 turns).

Alarkh the Severer (Demonspawn Monk)               Turns: 22423, Time: 00:45:41

Health: -27/113    AC: 21    Str: 19    XL:     14   Next: 48%
Magic:  0/20       EV:  2    Int: 15    God:    Trog [*****.]
Gold:   1819       SH:  0    Dex: 23    Spells: 0 memorised, 13 levels left

rFire  + + .     SeeInvis .     s - +0 battleaxe
rCold  . . .     Gourm    .     G - +2 chain mail {rF+}
rNeg   . . .     Faith    .     (shield currently unavailable)
rPois  .         Spirit   +     f - +1 hat
rElec  .         Reflect  +     Y - +2 cloak
rCorr  .         Harm     .     p - +0 pair of gloves
MR     +....                    l - +0 pair of boots
Stlth  +.........               j - +4 amulet of reflection
                                O - +6 ring of strength
                                A - ring of the Final Decision {rF+ Dex+7}

@: paralysed, exhausted, slowed, drained
A: horns 1, rugged brown scales 2, nightstalker 2, magic shield, magic
regeneration
a: Berserk, Trog's Hand, Brothers in Arms, Burn Spellbooks, Renounce Religion


You were on level 2 of the Orcish Mines.
You worshipped Trog.
Trog was extremely pleased with you.
You were not hungry.

You visited 4 branches of the dungeon, and saw 20 of its levels.
You also visited: Volcano.

You collected 1819 gold pieces.

Inventory:

Hand Weapons
 a - the +6 whip of Impeachment {venom, rPois Int+3 Dex+4}
   (You found it on level 4 of the Lair of Beasts)

   It poisons the flesh of those it strikes.
   It affects your intelligence (+3).
   It affects your dexterity (+4).
   It protects you from poison.
 b - a +0 hand axe
 s - a +0 battleaxe (weapon)
Missiles
 T - a throwing net (quivered)
Armour
 f - a +1 hat (worn)
 l - a +0 pair of boots (worn)
 p - a +0 pair of gloves (worn)
 G - a +2 chain mail of fire resistance (worn)
 Y - a +2 cloak (worn)
Jewellery
 j - a +4 amulet of reflection (around neck)
 n - an uncursed ring of positive energy
 A - the ring of the Final Decision (left hand) {rF+ Dex+7}
   (You found it on level 8 of the Dungeon)

   [ring of protection from fire]

   It affects your dexterity (+7).
   It protects you from fire.
 L - an uncursed ring of resist corrosion
 O - a +6 ring of strength (right hand)
Wands
 B - a wand of iceblast (7/15)
 H - a wand of hasting (3/9)
 J - a wand of disintegration (9/24)
Scrolls
 d - a scroll of blinking {unknown}
 e - a scroll of fog {unknown}
 g - a scroll of amnesia
 h - 5 scrolls of enchant weapon
 k - 5 scrolls of fear {unknown}
 m - 7 scrolls of remove curse
 t - 2 scrolls of immolation {unknown}
 v - 3 scrolls of recharging {unknown}
 w - 3 scrolls of enchant armour {unknown}
 y - 3 scrolls of magic mapping
 C - a scroll of silence {unknown}
 I - 2 scrolls of noise {unknown}
Potions
 i - 5 potions of curing
 o - 2 potions of ambrosia
 x - 2 potions of might
 M - a potion of flight
 N - a potion of berserk rage
 V - a potion of invisibility
Books
 r - Sif Muna's Incunabulum of Conjuration
   (You found it on level 1 of the Orcish Mines)

   Spells                             Type                      Level
   a - Sting                          Conjuration/Poison           1
   Trog disapproves of the use of such an item.
Miscellaneous
 Z - a disc of storms
Comestibles
 c - 11 bread rations
 q - 4 chunks of flesh


   Skills:
 + Level 9.2(7.9) Fighting
 * Level 16.8(15.2) Axes
 + Level 8.1(6.9) Armour
 + Level 9.0(7.7) Dodging
 - Level 1.7(0.7) Stealth
 + Level 8.5(7.3) Evocations


You had 13 spell levels left.
You didn't know any spells.

Dungeon Overview and Level Annotations

Branches:
Dungeon (11/15)            Temple (1/1) D:4            Lair (6/6) D:10
  Swamp (0/4) Lair:3        Snake (0/4) Lair:4        Slime (0/5) Lair:6
    Orc (2/2) D:10            Elf (0/3) Orc:2

Altars:
Ashenzari
Cheibriados
Dithmenos
Elyvilon
Fedhas
Gozag
Hepliaklqana
Kikubaaqudgha
Makhleb
Nemelex Xobeh
Okawaru
Qazlal
Ru
Sif Muna
Trog
Uskayaw
Vehumet
Xom
Yredelemnul
Zin
The Shining One

Annotations:
D:10 Prince Ribbit


Innate Abilities, Weirdness & Mutations

You have a pair of small horns on your head.
You are mostly covered in rugged brown scales. (AC +2, +5% HP)
You are significantly more attuned to the shadows.
When hurt, damage is shared between your health and your magic reserves.
You regenerate magic rapidly.


Message History

The orc priest shouts!
The orc sorcerer gestures at you while chanting.
You resist with some effort.
The orc priest calls down the wrath of Beogh upon you.
Beogh smites you!
The orc knight hits you with a battleaxe.
The orc priest looks satisfied for a moment.
The ogre hits you with a giant club!
The orc warrior hits you but does no damage.
An orc priest comes into view. It is wielding a club.
The orc knight hits you with a battleaxe!
The ogre hits you with a giant club!
* * * LOW HITPOINT WARNING * * *
The orc warrior hits you from afar with a halberd!!
* * * LOW HITPOINT WARNING * * *
The orc knight hits you with a battleaxe!
* * * LOW HITPOINT WARNING * * *
The orc sorcerer gestures at you while chanting.
The bolt of negative energy hits you!
You feel drained.
You die...

o............#.....#...
.....................#.#
..............#)....##).
...#..........#.....)...
..oo......∩......(..[[).
....o...............(<(.
.....oo............(...)
......O.................
.....oo@...#............
......#..#..............
.###....................
##..................#
###.................
.##...............
#..............
...............
................


You could see an orc knight, an orc sorcerer, 2 orc warriors, an ogre, 2 orc
priests and an orc wizard (wandering).

Vanquished Creatures
  Gastronok (Lair:2)
  An azure jelly (Lair:6)
  An orc warlord (Orc:2)
  Snorg (D:10)
  A fire dragon (Volcano)
  6 hydras
  An ice dragon (Lair:6)
  4 catoblepae
  A hell hog (Volcano)
  A death yak (Lair:6)
  An orc high priest (Orc:2)
  The ghost of Thrillho the Arsonist, a novice DEFE (D:9)
  A hill giant (D:10)
  5 orc knights
  Pikel (D:6)
  An oklob plant (Lair:6)
  4 elephants (Lair:5)
  A black mamba (Lair:6)
  Joseph (D:7)
  A molten gargoyle (Volcano)
  7 spiny frogs
  A torpor snail (Lair:6)
  A gargoyle (Volcano)
  3 komodo dragons
  3 rime drakes (Lair:6)
  3 trolls
  A merfolk (D:9)
  A two-headed ogre (D:10)
  4 polar bears
  A hornet (D:9)
  Grinder (D:4)
  17 blink frogs
  6 hippogriffs
  11 dream sheep
  50 yaks
  Eustachio (D:3)
  A shadow (D:11)
  4 wyverns
  A basilisk (Lair:6)
  6 fire bats (Volcano)
  3 steam dragons
  Menkaure (D:5)
  6 wargs
  8 water moccasins
  The ghost of Stil the Stinger, an amateur SpVM (D:3)
  3 hell hounds
  10 porcupines
  3 slaves (D:6)
  16 orc warriors
  3 sky beasts
  A black bear (D:6)
  3 necrophages
  6 wolves
  9 ogres
  3 centaurs
  8 crocodiles
  A big kobold (D:8)
  13 bullfrogs
  3 scorpions
  13 killer bees
  11 wights
  2 electric eels (Lair:5)
  A crimson imp (D:8)
  A bullfrog zombie (D:5)
  6 lava snakes (Volcano)
  A jelly (D:7)
  A quasit (D:7)
  15 orc priests
  Crazy Yiuf (D:2)
  4 hounds
  12 orc wizards
  Natasha (thrice) (D:2)
  3 iguanas (Lair:3)
  13 worker ants
  A hound zombie (D:8)
  A hound skeleton (D:6)
  2 worker ant zombies
  11 adders
  4 gnolls
  A howler monkey skeleton (D:11)
  A shadow imp (D:7)
  3 white imps (Lair:6)
  An adder zombie (D:6)
  2 adder skeletons (D:5)
  2 worms
  2 dart slugs
  8 leopard geckos
  52 orcs
  11 bats
  9 giant cockroaches
  6 goblins
  5 hobgoblins
  8 jackals
  15 kobolds
  2 quokkas
  2 ball pythons
  A frilled lizard (D:3)
  A leopard gecko skeleton (D:6)
  3 rats
  A plant (Lair:6)
501 creatures vanquished.

Vanquished Creatures (collateral kills)
  11 death yaks (Lair:6)
  6 yaks (Lair:6)
17 creatures vanquished.

Vanquished Creatures (others)
  14 fungi
  17 plants
31 creatures vanquished.

Grand Total: 549 creatures vanquished

Notes
Turn   | Place    | Note
-------+----------+-------------------------------------------
     0 | D:1      | Alarkh the Demonspawn Monk began the quest for the Orb.
     0 | D:1      | Reached XP level 1. HP: 18/18 MP: 1/1
    57 | D:1      | Reached skill level 3 in Axes
   174 | D:1      | Gained mutation: You are partially covered in rugged brown scales. (AC +1, +3% HP) [demonic ancestry]
   174 | D:1      | Reached XP level 2. HP: 17/24 MP: 2/2
   978 | D:1      | Reached XP level 3. HP: 29/29 MP: 3/3
  1218 | D:2      | Reached skill level 4 in Axes
  1692 | D:2      | Reached XP level 4. HP: 26/36 MP: 4/4
  1817 | D:2      | Noticed Natasha
  1824 | D:2      | Killed Natasha
  1824 | D:2      | Reached skill level 5 in Axes
  1937 | D:2      | Noticed Natasha
  1945 | D:2      | Killed Natasha
  1945 | D:2      | Gained mutation: When hurt, damage is shared between your health and your magic reserves. [demonic ancestry]
  1945 | D:2      | Reached XP level 5. HP: 11/42 MP: 5/5
  2274 | D:2      | Noticed Natasha
  2278 | D:2      | Killed Natasha
  2428 | D:2      | Found a runed door.
  2594 | D:2      | Noticed Crazy Yiuf
  2599 | D:2      | Killed Crazy Yiuf
  2658 | D:3      | Reached skill level 6 in Axes
  2875 | D:3      | Gained mutation: You are slightly more attuned to the shadows. [demonic ancestry]
  2875 | D:3      | Reached XP level 6. HP: 48/48 MP: 6/6
  3242 | D:3      | Noticed Stil's ghost (amateur SpVM)
  3259 | D:3      | Killed Stil's ghost
  3362 | D:4      | Noticed Eustachio
  3380 | D:3      | Reached skill level 7 in Axes
  3551 | D:3      | Killed Eustachio
  3551 | D:3      | Reached XP level 7. HP: 36/53 MP: 4/7
  3933 | D:4      | Noticed Grinder
  3945 | D:4      | Reached skill level 8 in Axes
  3952 | D:4      | Killed Grinder
  4215 | D:4      | Found a staircase to the Ecumenical Temple.
  4310 | Temple   | Entered the Ecumenical Temple
  4633 | Temple   | Became a worshipper of Trog the Wrathful
  4633 | Temple   | Reached * piety under Trog
  4633 | Temple   | Reached ** piety under Trog
  4910 | D:5      | Entered Level 5 of the Dungeon
  5119 | D:5      | Reached XP level 8. HP: 59/59 MP: 8/8
  5181 | D:5      | Reached skill level 9 in Axes
  5228 | D:5      | Noticed Menkaure
  5244 | D:5      | Killed Menkaure
  5934 | D:6      | Reached skill level 10 in Axes
  6454 | D:6      | Reached *** piety under Trog
  6470 | D:6      | Noticed Pikel
  6773 | D:6      | Reached skill level 11 in Axes
  6773 | D:6      | Gained mutation: You are mostly covered in rugged brown scales. (AC +2, +5% HP) [demonic ancestry]
  6773 | D:6      | Reached XP level 9. HP: 37/66 MP: 9/9
  7273 | D:7      | Noticed Joseph
  7387 | D:7      | Killed Joseph
  7466 | D:7      | Reached skill level 12 in Axes
  8407 | D:8      | Reached **** piety under Trog
  8578 | D:8      | Got a scintillating granite ring
  8580 | D:8      | Identified the ring of the Final Decision {rF+ Dex+7} (You found it on level 8 of the Dungeon)
  8776 | D:9      | Noticed Thrillho's ghost (novice DEFE)
  8855 | D:9      | Reached skill level 13 in Axes
  8868 | D:9      | Gained mutation: You have a pair of small horns on your head. [demonic ancestry]
  8868 | D:9      | Reached XP level 10. HP: 73/73 MP: 8/10
  9085 | D:9      | Killed Thrillho's ghost
  9085 | D:9      | Received a gift from Trog
  9541 | D:9      | Reached skill level 1 in Armour
 10281 | D:10     | Entered Level 10 of the Dungeon
 10448 | D:10     | Noticed a hill giant
 10460 | D:10     | Killed a hill giant
 10460 | D:10     | Reached skill level 1 in Evocations
 10518 | D:10     | Found a staircase to the Lair.
 10528 | Lair:1   | Entered Level 1 of the Lair of Beasts
 10531 | Lair:1   | Noticed Prince Ribbit
 10746 | D:10     | Found a staircase to the Orcish Mines.
 10747 | D:10     | Noticed Snorg
 11101 | Lair:1   | Reached skill level 14 in Axes
 12258 | D:6      | Killed Pikel
 12258 | D:6      | Reached XP level 11. HP: 62/79 MP: 9/12
 12562 | Lair:2   | Noticed a six-headed hydra
 12574 | Lair:2   | Noticed Gastronok
 12744 | Lair:2   | Found a dark tunnel.
 12819 | Volcano  | Entered a volcano
 13188 | Volcano  | Found a bloodstained altar of Trog.
 13188 | Volcano  | Noticed a hell hog
 13212 | Volcano  | Killed a hell hog
 13212 | Volcano  | Reached skill level 5 in Fighting
 13244 | Volcano  | Noticed a fire dragon
 13407 | Volcano  | Killed a fire dragon
 13407 | Volcano  | Reached ***** piety under Trog
 13493 | Volcano  | Reached skill level 5 in Dodging
 13948 | Lair:2   | Killed a six-headed hydra
 14179 | Lair:2   | Noticed a catoblepas
 14188 | Lair:2   | Killed a catoblepas
 14638 | Lair:3   | Gained mutation: You regenerate magic rapidly. [demonic ancestry]
 14638 | Lair:3   | Reached XP level 12. HP: 89/90 MP: 15/15
 14935 | Lair:3   | Reached skill level 5 in Armour
 14978 | Lair:3   | Reached skill level 15 in Axes
 15187 | Lair:3   | Found a staircase to the Swamp.
 15261 | Lair:4   | Found an opulent altar of Gozag.
 15267 | Lair:4   | Got a crystal whip
 15268 | Lair:4   | Identified the +6 whip of Impeachment {venom, rPois Int+3 Dex+4} (You found it on level 4 of the Lair of Beasts)
 15434 | Lair:2   | Killed Gastronok
 15434 | Lair:2   | Reached skill level 5 in Evocations
 15942 | Lair:4   | Found a staircase to the Snake Pit.
 16555 | Lair:5   | Noticed a six-headed hydra
 16573 | Lair:5   | Killed a six-headed hydra
 16595 | Lair:5   | Noticed a four-headed hydra
 16623 | Lair:5   | Killed a four-headed hydra
 16883 | Lair:5   | Noticed a seven-headed hydra
 16899 | Lair:5   | Killed a seven-headed hydra
 17164 | Lair:5   | Reached XP level 13. HP: 26/98 MP: 8/17
 17689 | Lair:6   | Entered Level 6 of the Lair of Beasts
 18451 | Lair:6   | Received a gift from Trog
 18464 | Lair:6   | Noticed an azure jelly
 18482 | Lair:6   | Killed an azure jelly
 18708 | Lair:6   | Reached skill level 16 in Axes
 18756 | Lair:6   | HP: 5/102 [ice dragon/blast of cold (36)]
 19166 | Lair:6   | Received a gift from Trog
 19477 | Lair:6   | Found a staircase to the Slime Pits.
 20166 | Lair:6   | Gained mutation: You are significantly more attuned to the shadows. [demonic ancestry]
 20166 | Lair:6   | Reached XP level 14. HP: 39/111 MP: 14/19
 21047 | D:10     | Killed Snorg
 21224 | Orc:1    | Entered Level 1 of the Orcish Mines
 21243 | Orc:1    | Received a gift from Trog
 21459 | Orc:1    | Found a deep blue altar of Sif Muna.
 21507 | Orc:1    | Identified Sif Muna's Incunabulum of Conjuration
 21535 | Orc:2    | Entered Level 2 of the Orcish Mines
 21610 | Orc:2    | Found a staircase to the Elven Halls.
 22375 | Orc:2    | Noticed an orc warlord
 22394 | Orc:2    | Killed an orc warlord
 22418 | Orc:2    | Paralysed by an orc sorcerer for 7 turns
 22423 | Orc:2    | Killed from afar by an orc sorcerer

Skill      XL: |  1  2  3  4  5  6  7  8  9 10 11 12 13 14 |
---------------+-------------------------------------------+-----
Axes           | 3 4 5 6 7 8 11 13 14 15 16 | 16.8
Dodging        | 4 5 7 8 9 |  9.0
Armour         | 2 4 6 7 8 |  8.1
Fighting       | 4 6 7 8 9 |  9.2
Evocations     | 1 4 6 7 8 |  8.5
Stealth        | |  1.7

Action                   |  1- 3 |  4- 6 |  7- 9 | 10-12 | 13-15 || total
-------------------------+-------+-------+-------+-------+-------++-------
Melee: Hand axe          |    66 |       |       |       |       ||    66
       Spear             |    35 |   145 |   398 |   598 |       ||  1176
       Headbutt          |       |       |       |   260 |   300 ||   560
       Whip              |       |       |       |   212 |   581 ||   793
       Demon whip        |       |       |       |       |    13 ||    13
       Battleaxe         |       |       |       |       |   115 ||   115
Invok: Berserk           |       |       |     6 |    20 |    18 ||    44
       Brothers in Arms  |       |       |       |       |     2 ||     2
Evoke: Wand              |       |       |       |       |     3 ||     3
  Use: Potion            |     3 |     1 |     4 |     1 |    10 ||    19
       Scroll            |       |     7 |     3 |    10 |     6 ||    26
 Stab: Sleeping          |     3 |     8 |    16 |     7 |       ||    34
       Distracted        |       |       |     4 |     7 |     1 ||    12
       Petrified         |       |       |       |       |     9 ||     9
       Invisible         |       |       |       |       |     2 ||     2
       Petrifying        |       |       |       |       |     1 ||     1
  Eat: Chunk             |     2 |     6 |    20 |    39 |    32 ||    99
       Beef jerky        |       |       |     1 |     1 |       ||     2
       Fruit             |       |       |     1 |     2 |       ||     3
       Pizza             |       |       |       |     1 |       ||     1
       Meat ration       |       |       |       |       |     1 ||     1
Armor: Robe              |    18 |     3 |       |    29 |       ||    50
       Skin              |    28 |       |     4 |       |       ||    32
       Leather armour    |       |    23 |    98 |    33 |       ||   154
       Chain mail        |       |       |       |   145 |   268 ||   413
Dodge: Dodged            |    54 |    67 |   146 |   330 |   354 ||   951
Block: Other             |       |     6 |    29 |    76 |    90 ||   201
       Reflection        |       |       |     1 |     3 |     2 ||     6
